 Dungeon Crawl Stone Soup version 0.30-a0-719-gcc4359ea44 (webtiles) character file.

Game seed: 5992754681401160993

26 PimpSugar the Magician (level 2, -7/22 HPs)
             Began as a Draconian Hedge Wizard on Jan 26, 2023.
             Was a Follower of Nemelex Xobeh.
             Splashed by Terence the jelly's acid (12 damage)
             ... on level 2 of the Dungeon.
             The game lasted 00:04:01 (832 turns).

PimpSugar the Magician (Draconian Hedge Wizard)      Turns: 832, Time: 00:04:02

Health: -7/22      AC: -2    Str: 12    XL:     2   Next: 89%
Magic:  0/6        EV: 12    Int: 14    God:    Nemelex Xobeh [*.....]
Gold:   103        SH:  0    Dex: 10    Spells: 4/7 levels left

rFire   . . .      SeeInvis .    a - +0 dagger
rCold   . . .      Faith    .    (no shield)
rNeg    . . .      Spirit   .    (body armour unavailable)
rPois   .          Reflect  .    b - +0 hat
rElec   .          Harm     .    (no cloak)
rCorr   .          Rampage  .    g - +0 pair of gloves
Will    .....                    j - +0 pair of boots
Stlth   ++                       (no amulet)
HPRegen 0.23/turn                (no ring)
MPRegen 0.10/turn                (no ring)

@: corroded
A: AC +4, unfitting armour, cold-blooded
a: Renounce Religion, Draw Escape, Draw Destruction, Draw Summoning


You were on level 2 of the Dungeon.
You worshipped Nemelex Xobeh.
Nemelex Xobeh was aware of your devotion.
You visited 1 branch of the dungeon, and saw 2 of its levels.

You collected 103 gold pieces.

Inventory:

Hand Weapons
 a - a +0 dagger (weapon)
Missiles
 e - 3 stones
 h - 3 boomerangs (quivered)
Armour
 b - a +0 hat (worn)
 g - a +0 pair of gloves (worn)
 j - a +0 pair of boots (worn)
Scrolls
 f - 2 scrolls of enchant weapon {unknown}
 i - a scroll of poison {unknown}
 k - a scroll of magic mapping {unknown}
 m - a scroll of teleportation {unknown}
Potions
 c - a potion of magic
 d - a potion of berserk rage {unknown}
 l - a potion of lignification {unknown}


   Skills:
 + Level 0.6 Fighting
 + Level 1.9 Dodging
 + Level 2.0 Stealth
 * Level 3.2 Spellcasting
 * Level 1.5 Conjurations
 + Level 1.3 Summonings
 + Level 1.2 Translocations


You had 4 spell levels left.
You knew the following spells:

 Your Spells              Type           Power      Damage    Failure   Level
a - Magic Dart            Conj           24%        1d4       11%         1
b - Call Imp              Summ           5%         N/A       19%         2

Your spell library contained the following spells:

 Spells                   Type           Power      Damage    Failure   Level
 Blink                    Tloc           10%        N/A       19%         2
 Slow                     Hex            8%         N/A       22%         1
 Cigotuvi's Dreadful Rot  Necr/Pois/Air  4%         N/A       32%         2
 Mephitic Cloud           Conj/Pois/Air  3%         N/A       45%         3


Dungeon Overview and Level Annotations

Branches:
Dungeon (2/15)

Altars:
Nemelex Xobeh

Shops:
D:2 =

Annotations:
D:2 Terence


Innate Abilities, Weirdness & Mutations

Your plain brown scales are hard. (AC +4)
You cannot fit into any form of body armour.
You are cold-blooded and may be slowed by cold attacks.


Message History

Press: ? - help, Q - select action, (/) - cycle Shift-Dir - straight line, f/p - Terence
Aim: Terence the jelly (heavily wounded, misshapen and mutated, 88% to hit)
Okay, then.
You draw a card...
You have drawn the Orb.
Press: ? - help, Shift-Dir - straight line, f/p - Terence
Aim: Terence the jelly (heavily wounded, misshapen and mutated)
Your orb of destruction hits a crystal wall. x2
Terence hits you but does no damage.
Your orb of destruction hits a rock wall.
You draw a card...
You have drawn Vitriol.
Press: ? - help, Shift-Dir - straight line, f/p - Terence
Aim: Terence the jelly (heavily wounded, misshapen and mutated)
The glob of acid hits Terence.
Terence completely resists.
Terence is heavily wounded.
A quokka comes into view.
Terence barely misses you.
Casting: Magic Dart (safe; 11% risk of failure)
Confirm with . or Enter, or press ? or * to list all spells.
Aiming: Magic Dart (safe; 11% risk of failure)
Press: ? - help, Shift-Dir - straight line, f/p - Terence
Aim: Terence the jelly (heavily wounded, misshapen and mutated, 100% to hit)
The magic dart hits Terence.
Terence is almost dead.
An endoplasm comes into view.
Terence hits you but does no damage.
Casting: Magic Dart (safe; 11% risk of failure)
Confirm with . or Enter, or press ? or * to list all spells.
You don't have enough magic to cast this spell.
Terence hits you but does no damage.
You hit Terence but do no damage.
Your hands burn!
* * * LOW HITPOINT WARNING * * *
Terence is almost dead.
Terence hits you.
* * * LOW HITPOINT WARNING * * *
The acid corrodes you!
You are splashed with acid!
Ouch! That really hurt!
You die...
Your body disappears without a glow.

.)... #....
#...# .
#...###..
#...... #
.######.... ..
#...^..#J###.#.#
#$# #.@∩r......
..#
######.###.#.#
##.# ##......#
#.#.##.....###
#..........#
#..........####.
#...............
#......†<.####.
#........##


You could see Terence the jelly (misshapen) and a quokka.

Vanquished Creatures
  A gnoll (D:1)
  3 endoplasms (D:1)
  2 goblins (D:1)
  2 hobgoblins (D:1)
  2 quokkas (D:1)
  A ball python (D:1)
  A frilled lizard (D:1)
  A rat (D:1)
13 creatures vanquished.

Vanquished Creatures (collateral kills)
  A bat (D:2)
  A quokka (D:2)
2 creatures vanquished.

Grand Total: 15 creatures vanquished

Notes
Turn   | Place    | Note
-------+----------+-------------------------------------------
     0 | D:1      | PimpSugar the Draconian Hedge Wizard began the quest for
                  | the Orb.
     0 | D:1      | Reached XP level 1. HP: 14/14 MP: 4/4
    90 | D:1      | Found a faded altar of an unknown god.
   115 | D:1      | Prayed at the altar of an unknown god.
   115 | D:1      | Became a worshipper of Nemelex Xobeh the Trickster
   115 | D:1      | Reached * piety under Nemelex Xobeh
   164 | D:1      | Reached XP level 2. HP: 20/20 MP: 0/6
   167 | D:1      | Learned a level 2 spell: Call Imp
   340 | D:1      | Received a gift from Nemelex Xobeh
   796 | D:2      | Found Zitar's Jewellery Emporium.
   818 | D:2      | Noticed Terence
   819 | D:2      | Terence changed into Terence the jelly
   819 | D:2      | Noticed Terence
   832 | D:2      | Splashed by Terence the jelly's acid

Illustrated notes

Levels and vault maps discovered:
D:1:      dpeg_arrival_shelter, layout_basic,
          shapermc_ecumenical_altar_mp_highgroup
D:2:      layout_loops_ring, serial_shops, nicolae_shop_crystal, uniq_terence,
          uniq_crazy_yiuf_cottage

Skill      XL: |  1  2 |
---------------+-------+-----
Stealth        | 2 |  2.0
Fighting       | |  0.6
Dodging        | |  1.9
Spellcasting   | |  3.2
Conjurations   | |  1.5
Summonings     | |  1.3
Translocations | |  1.2

Action                     || total
---------------------------++-------
  Melee: Dagger            ||     8
  Throw: Boomerang         ||    13
   Cast: Magic Dart        ||    32
         Call Imp          ||     1
 Invoke: Draw Destruction  ||     4
 Armour: Skin              ||     9
  Dodge: Dodged            ||     5

Table legend: (Time is in decaauts)
 A = Elapsed time spent in this place.
 B = Non-inter-level travel time spent in this place.
 C = Inter-level travel time spent in this place.
 D = Time resting spent in this place.
 E = Time spent auto-exploring this place.
 F = Levels seen in this place.
 G = Mean time per level.
                   A        B        C        D        E       F      G
               +--------+--------+--------+--------+--------+-----+--------+
         Total |    835 |    830 |      5 |      0 |    581 |   2 |  417.5 |
       Dungeon |    835 |    830 |      5 |      0 |    581 |   2 |  417.5 |
               +--------+--------+--------+--------+--------+-----+--------+

Top non-repeatable levels by time:
     D:1: 793 daAuts
     D:2: 42 daAuts
